 Dungeon Crawl Stone Soup version 0.17.0-26-gececa24 (webtiles) character file.

158 M4edhros the Charlatan (level 5, 0/33 HPs)
             Began as an Octopode Artificer on Nov 19, 2015.
             Was a Follower of Fedhas.
             Slain by an ogre
             ... wielding a +0 giant club
              (17 damage)
             ... on level 3 of the Dungeon.
             The game lasted 00:02:56 (2277 turns).

M4edhros the Charlatan (Octopode Artificer)         Turns: 2277, Time: 00:02:57

Health: 0/33       AC:  6    Str: 11    XL:     5   Next: 40%
Magic:  8/8        EV: 10    Int: 14    God:    Fedhas [*.....]
Gold:   116        SH:  7    Dex: 13    Spells: 0 memorised, 4 levels left

rFire  . . .     SeeInvis .     u - +1 falchion (protect)
rCold  . . .     Clarity  .     t - +0 shield
rNeg   . . .     SustAt   .     (helmet restricted)
rPois  +         Gourm    .     (no amulet)
rElec  .         Spirit   .     m - ring of poison resistance
rCorr  .         Warding  .     (no ring)
rMut   .         Stasis   .     (no ring)
MR     .....                    (no ring)
Stlth  ++++......               (no ring)
                                (no ring)
                                (no ring)
                                (no ring)

@: not resistant to hostile enchantments, stealthy
A: almost no armour, amphibious, 8 rings, constrict 8, camouflage 1, gelatinous
body 1
a: Evolution, Renounce Religion


You were on level 3 of the Dungeon.
You worshipped Fedhas.
Fedhas was aware of your devotion.
You were not hungry.

You visited 2 branches of the dungeon, and saw 6 of its levels.

You collected 116 gold pieces.

Inventory:

Hand Weapons
 a - a +0 short sword
 u - a +1 falchion of protection (weapon)
Missiles
 x - 20 sling bullets
 y - 27 stones (quivered)
Armour
 t - a +0 shield (worn)
Jewellery
 m - a ring of poison resistance (left tentacle)
Wands
 b - a wand of flame (15)
 c - a wand of enslavement (14)
 d - a wand of random effects (14)
Scrolls
 h - 2 scrolls of blinking {unknown}
 j - 2 scrolls of remove curse {unknown}
 k - 3 scrolls of identify {unknown}
 o - a scroll of enchant weapon {unknown}
 p - a scroll of magic mapping {unknown}
 q - a scroll of amnesia {unknown}
 s - a scroll of random uselessness {unknown}
 v - a scroll of recharging {unknown}
Potions
 f - a potion of brilliance {unknown}
 g - a potion of cure mutation {unknown}
 i - a potion of resistance {unknown}
 l - a potion of heal wounds {unknown}
 n - 3 potions of mutation {unknown}
 w - a potion of berserk rage {unknown}
Comestibles
 e - 3 bread rations


   Skills:
 - Level 1.0 Fighting
 - Level 1.0 Short Blades
 + Level 2.3 Dodging
 + Level 4.6 Stealth
 + Level 1.0 Shields
 + Level 5.0 Evocations


You had 4 spell levels left.
You didn't know any spells.

Dungeon Overview and Level Annotations

Branches:
Dungeon (5/15)             Temple (1/1) D:5

Altars:
Ashenzari
Cheibriados
Dithmenos
Elyvilon
Fedhas
Gozag
Makhleb
Nemelex Xobeh
Okawaru
Ru
Vehumet
Yredelemnul
Zin
The Shining One

Annotations:
D:3 M4edhros's ghost, amateur OpAr


Innate Abilities, Weirdness & Mutations

You cannot wear most types of armour.
You are amphibious.
You can wear up to eight rings at the same time.
You can use your tentacles to constrict eight enemies at once.
Your skin changes colour to match your surroundings (Stealth).
Your rubbery body absorbs attacks (AC +1).


Message History

There is a stone staircase leading up here.
There is a stone staircase leading down here.
You climb downwards.
Level annotation: M4edhros's ghost, amateur OpAr The ogre is too close now for your liking.
There is a stone staircase leading up here.
An ogre is nearby!
An ogre is nearby!
You completely miss the ogre.
The ogre shouts!
You squeeze the ogre!
The ogre is moderately wounded.
The ogre hits you with a giant club!
An ogre is nearby!
You barely miss the ogre.
The ogre is moderately wounded.
The ogre hits you with a giant club!
Ouch! That really hurt!
You die...
Fedhas appreciates your contribution to the ecosystem.

######## #..[>..# ##......##
#........# #### #........#
...##### #........# ...#...##
########........#
...#.#.P####......#........#
.....##P..##....@O.......S...
..).#####.##.......###.....##
..P## #..........#####_###
...## ####.......###.....
.#..### ####..............
###...####..........#..##.# #
###.##.....####...#.## .# #
#.##.#.####.......# #
#..#....###.##.....#


You could see an ogre.

Vanquished Creatures
  A crimson imp (D:3)
  A hound (D:4)
  2 adders (D:2)
  2 worms (D:2)
  2 giant geckos
  2 orcs
  8 bats
  3 giant cockroaches
  13 hobgoblins
  2 jackals (D:2)
  12 kobolds
  A ball python (D:2)
  3 giant newts
  5 goblins
  6 rats
63 creatures vanquished.

Vanquished Creatures (others)
  23 toadstools
23 creatures vanquished.

Grand Total: 86 creatures vanquished

Notes
Turn   | Place    | Note
--------------------------------------------------------------
     0 | D:1      | M4edhros the Octopode Artificer began the quest for the Orb.
     0 | D:1      | Reached XP level 1. HP: 13/13 MP: 3/3
    68 | D:1      | Reached XP level 2. HP: 18/18 MP: 4/4
   345 | D:1      | Reached skill level 4 in Evocations
   593 | D:2      | Reached XP level 3. HP: 23/23 MP: 6/6
   776 | D:2      | Found a white marble altar of Elyvilon.
  1081 | D:3      | Noticed an ogre
  1082 | D:3      | Found a shattered altar of Ashenzari.
  1082 | D:3      | Noticed M4edhros's ghost (amateur OpAr)
  1199 | D:4      | Reached XP level 4. HP: 28/28 MP: 7/7
  1227 | D:5      | Entered Level 5 of the Dungeon
  1324 | D:5      | Found a staircase to the Ecumenical Temple.
  1334 | Temple   | Entered the Ecumenical Temple
  1407 | Temple   | Became a worshipper of Fedhas Madash
  1581 | D:3      | Reached XP level 5. HP: 28/33 MP: 8/8
  1899 | D:2      | Found a glowing golden altar of the Shining One.
  1903 | D:2      | Reached skill level 1 in Shields
  2059 | D:2      | Reached skill level 5 in Evocations
  2243 | D:2      | Reached * piety under Fedhas
  2277 | D:3      | Slain by an ogre

Action                   |  1- 3 |  4- 6 || total
-------------------------+-------+-------++-------
Melee: Short sword       |    75 |       ||    75
       Falchion          |       |    49 ||    49
Evoke: Wand              |       |     2 ||     2
 Stab: Sleeping          |    13 |     8 ||    21
  Eat: Chunk             |     1 |       ||     1
       Meat ration       |       |     1 ||     1
